[Event "Team 45 45 League T53"]
[Site "Internet Chess Club"]
[Date "2012.05.20"]
[Round "1"]
[White "Sir-Sinister"]
[Black "alexping"]
[Result "1-0"]
[WhiteElo "1917"]
[BlackElo "1920"]
[Opening "French: Winawer, advance, Russian variation"]
[ECO "C17"]
[Time "11:52:18"]
[TimeControl "2700+45"]

1. e4 e6 2. d4 d5 3. Nc3 Bb4 4. e5 c5 5. Qg4 Ne7 6. dxc5 Bxc3+ 7. bxc3 Ng6 8.
Nf3 Nc6 9. Bd3 Qe7 10. Be3 Bd7 11. Rb1 O-O-O 12. O-O h5 13. Qa4 Ncxe5 14. Qxa7
Nxf3+ 15. gxf3 Bc6 16. Bb5 Qc7 17. Bxc6 Qxc6 18. Rb6 Qc7 19. c6 Qb8 20. cxb7+
Kd7 21. Qa4+ Ke7 22. Bc5+ Kf6 23. Qd4+ Qe5 24. Qxe5+ Nxe5 25. Bd4 Kf5 26. Bxe5
Kxe5 27. a4 g5 28. a5 g4 29. f4+ {Black resigns} 1-0

[Event "Team 45 45 League T53"]
[Site "Internet Chess Club"]
[Date "2012.05.21"]
[Round "1"]
[White "vaknight"]
[Black "Archdruid"]
[Result "1-0"]
[WhiteElo "1755"]
[BlackElo "1475"]
[Opening "Bird: From gambit"]
[ECO "A02"]
[Time "19:18:17"]
[TimeControl "2700+45"]

1. f4 e5 2. fxe5 d6 3. exd6 Bxd6 4. Nf3 Nf6 5. d4 Ng4 6. Qd3 O-O 7. e4 Re8 8.
Be2 Nxh2 9. e5 Nxf3+ 10. Bxf3 g6 11. Be3 Bf8 12. Nc3 Nc6 13. O-O-O Bf5 14. Qd2
Nb4 15. Ne4 Bxe4 16. Bxe4 Nxa2+ 17. Kb1 Nb4 18. Bh6 Qe7 19. Bg5 Qe6 20. Qc3 Qa2+
21. Kc1 Qa6 22. Qb3 c5 23. Bd5 Nxd5 24. Qxd5 cxd4 25. Kb1 Rac8 26. Rdf1 Qe6 27.
Qxb7 Qc4 28. Rc1 Rc7 29. Qe4 Bg7 30. Qh4 Bxe5 31. Qxh7+ Kf8 32. Rhf1 d3 33. Qxg6
Bxb2 34. Bh6+ Ke7 35. Rce1+ Kd8 36. Bg5+ Rce7 37. Bxe7+ Rxe7 38. Qxd3+ Qxd3 39.
cxd3 Rb7 40. Kc2 a5 41. Rb1 {Black resigns} 1-0

[Event "Team 45 45 League T53"]
[Site "Internet Chess Club"]
[Date "2012.05.18"]
[Round "1"]
[White "TwoEqualsOne"]
[Black "misuc56"]
[Result "0-1"]
[WhiteElo "1872"]
[BlackElo "1895"]
[Opening "QGD: 3.Nc3"]
[ECO "D31"]
[Time "20:00:07"]
[TimeControl "2700+45"]

1. d4 d5 2. c4 e6 3. Nc3 f5 4. Bf4 c6 5. e3 Nf6 6. Bd3 Bd6 7. Bxd6 Qxd6 8. Nge2
O-O 9. O-O a6 10. a4 h6 11. c5 Qc7 12. Qc2 Ne4 13. f3 Nf6 14. a5 Rf7 15. b4 g5
16. e4 dxe4 17. fxe4 f4 18. e5 Ng4 19. Nd1 h5 20. h3 Nh6 21. Bg6 Rg7 22. Bxh5
Nd7 23. Nec3 Nf8 24. Bg4 Bd7 25. Nf2 Be8 26. Nce4 Bg6 27. Qb3 Bf7 28. Nd6 Qe7
29. Nfe4 Kh8 30. Qf3 Bg6 31. Nf6 Ng8 32. Nfe4 Nh6 33. g3 Nf5 34. Bxf5 exf5 35.
Nf6 fxg3 36. Nxf5 Bxf5 37. Qxf5 Qe6 38. Kg2 Qxf5 39. Rxf5 Ne6 40. Rd1 Rd8 41.
Nh5 Rgd7 42. Rf6 Re7 43. Nxg3 Nf4+ 44. Kf3 Nd5 45. Nf5 Rh7 46. Kg4 Nxf6+ 47.
exf6 Rf8 48. Kxg5 Rxh3 49. Rg1 Rg8+ 50. Ng7 Rxg7+ 51. fxg7+ Kxg7 52. Kf5+ Kf7
53. Rb1 Rh2 54. d5 Rh5+ 55. Ke4 cxd5+ 56. Kd4 Ke6 57. Re1+ Kd7 58. Re3 Rh4+ 59.
Kxd5 Rxb4 60. Ra3 Rh4 61. Rb3 Kc7 62. Rb6 Ra4 {White resigns} 0-1

[Event "Team 45 45 League T53"]
[Site "Internet Chess Club"]
[Date "2012.05.23"]
[Round "1"]
[White "rubo"]
[Black "Gilguli"]
[Result "1-0"]
[WhiteElo "1739"]
[BlackElo "1415"]
[Opening "Sicilian: closed"]
[ECO "B23"]
[Time "15:15:35"]
[TimeControl "2700+45"]

1. e4 c5 2. Nc3 d6 3. f4 Nc6 4. Nf3 g6 5. Bc4 Bg7 6. f5 gxf5 7. d3 fxe4 8. dxe4
Nd4 9. O-O Nf6 10. Nxd4 cxd4 11. Qxd4 O-O 12. Qf2 Ng4 13. Qg3 Be5 14. Bf4 Qb6+
15. Kh1 Bg7 16. Bb3 Kh8 17. Nd5 Qd8 18. c3 e5 19. Bd2 Nf6 {Black resigns} 1-0

[Event "Team 45 45 League T53"]
[Site "Internet Chess Club"]
[Date "2012.05.19"]
[Round "1"]
[White "mcplayerus"]
[Black "frontier"]
[Result "1/2-1/2"]
[WhiteElo "2034"]
[BlackElo "1973"]
[Opening "King's Indian: fianchetto without c4"]
[ECO "E62"]
[Time "07:02:15"]
[TimeControl "2700+45"]

1. d4 Nf6 2. Nf3 g6 3. g3 Bg7 4. Bg2 O-O 5. O-O d6 6. c4 Nc6 7. Nc3 Rb8 8. e4 e5
9. d5 Ne7 10. b4 Ne8 11. a4 f5 12. Ra3 Nf6 13. Ng5 h6 14. Ne6 Bxe6 15. dxe6 Nc6
16. c5 Nd4 17. Nb5 dxc5 18. bxc5 Nxe4 19. Nxd4 exd4 20. Re1 Qe7 21. Bxe4 fxe4
22. Rxe4 Qxc5 23. Rd3 Rbe8 24. Ba3 Qf5 25. Rf4 Qxe6 26. Bxf8 Rxf8 27. Rxf8+ Kxf8
28. Qc2 Qd6 29. Qc4 Bf6 30. Qb5 b6 31. Qa6 c5 32. Rf3 Qe7 33. a5 Kg7 34. axb6
axb6 35. Qxb6 c4 36. Qc6 c3 37. Kf1 h5 38. h4 Qd8 39. Qe4 Qd6 40. Qd3 Qc6 41.
Rxf6 Qxf6 42. Ke2 Qe6+ 43. Kf1 Qd5 44. Ke2 Qc5 45. Kd1 Kh6 46. Qe4 Qb6 47. Qe8
Qb1+ 48. Ke2 Qc2+ 49. Kf1 Qd1+ 50. Kg2 Kg7 51. Qe7+ {Game drawn by mutual
agreement} 1/2-1/2

[Event "Team 45 45 League T53"]
[Site "Internet Chess Club"]
[Date "2012.05.21"]
[Round "1"]
[White "spunni"]
[Black "zozobob"]
[Result "1/2-1/2"]
[WhiteElo "1947"]
[BlackElo "2063"]
[Opening "Sicilian defense"]
[ECO "B40"]
[Time "16:00:29"]
[TimeControl "2700+45"]

1. e4 c5 2. Nf3 e6 3. d3 Nc6 4. g3 g6 5. Bg5 Qb6 6. Nbd2 d5 7. exd5 exd5 8. Qe2+
Be6 9. Bh3 Nce7 10. Bxe6 Qxe6 11. Qxe6 fxe6 12. O-O-O Nc6 13. Rde1 Kf7 14. Re2
Bd6 15. Rhe1 Re8 16. Nf1 h6 17. Bd2 Nf6 18. h3 e5 19. Bc3 d4 20. Bd2 b5 21. g4
c4 22. Ng3 cxd3 23. cxd3 Nd5 24. Kb1 Rc8 25. Ne4 Be7 26. Rc1 Kg7 27. Nc5 Bd6 28.
a3 Nc3+ 29. bxc3 Bxc5 30. a4 bxa4 31. Nxe5 Rhe8 32. Rce1 Rxe5 33. Rxe5 Nxe5 34.
Rxe5 {Game drawn by mutual agreement} 1/2-1/2

[Event "Team 45 45 League T53"]
[Site "Internet Chess Club"]
[Date "2012.05.18"]
[Round "1"]
[White "barbak"]
[Black "Killian"]
[Result "1/2-1/2"]
[WhiteElo "1856"]
[BlackElo "2033"]
[Opening "Sicilian: Pelikan, Chelyabinsk variation"]
[ECO "B33"]
[Time "16:00:47"]
[TimeControl "2700+45"]

1. e4 c5 2. Nf3 Nc6 3. d4 cxd4 4. Nxd4 Nf6 5. Nc3 e5 6. Ndb5 d6 7. Bg5 a6 8. Na3
b5 9. Nd5 Be7 10. Bxf6 Bxf6 11. c3 O-O 12. Nc2 Bg5 13. a4 bxa4 14. Rxa4 a5 15.
Bc4 Rb8 16. b3 Kh8 17. O-O g6 18. Qa1 Bd7 19. b4 Qc8 20. Bd3 axb4 21. Ncxb4 Nxb4
22. Rxb4 Be6 23. Rxb8 Qxb8 24. Qa5 Bxd5 25. Qxd5 Qc7 26. Bc4 Kg7 27. g3 Qc5 28.
Rd1 {Game drawn by mutual agreement} 1/2-1/2

[Event "Team 45 45 League T53"]
[Site "Internet Chess Club"]
[Date "2012.05.22"]
[Round "1"]
[White "abishek"]
[Black "koni"]
[Result "0-1"]
[WhiteElo "1873"]
[BlackElo "1935"]
[Opening "Pirc defense"]
[ECO "B07"]
[Time "13:00:17"]
[TimeControl "2700+45"]

1. e4 d6 2. d4 Nf6 3. Bd3 e5 4. Nf3 Nc6 5. dxe5 dxe5 6. Bg5 Bb4+ 7. c3 Bd6 8.
O-O O-O 9. Nbd2 h6 10. Bh4 g5 11. Bg3 Nh5 12. Nc4 Nf4 13. Nxd6 Qxd6 14. Bxf4
exf4 15. Qc2 Ne5 16. Nxe5 Qxe5 17. Rad1 Be6 18. Rfe1 Rfd8 19. Be2 Qa5 20. a4 c5
21. c4 Rd4 22. b3 Rad8 23. Kf1 Rd2 24. Rxd2 Rxd2 25. Qc1 Qb4 26. Rd1 Rd4 27.
Rxd4 cxd4 28. Qd1 Qc3 29. Bd3 Kf8 30. Bc2 Ke7 31. Qd3 Qa1+ 32. Bb1 Kd6 33. Qc2
Kc5 34. Ke2 Kb4 35. Kd3 g4 36. a5 h5 37. Qd2+ Qc3+ 38. Qxc3+ dxc3 39. Bc2 h4 40.
g3 fxg3 41. fxg3 f5 42. Ke3 fxe4 43. gxh4 Ka3 44. Bxe4 Kb2 45. Kd4 Kxb3 46. c5
a6 47. h5 c2 48. Bxc2+ Kxc2 49. h6 Bg8 50. Ke5 Kc3 51. Kd6 Kb4 {White resigns}
0-1

[Event "Team 45 45 League T53"]
[Site "Internet Chess Club"]
[Date "2012.05.19"]
[Round "1"]
[White "poni"]
[Black "HumanTornado"]
[Result "1/2-1/2"]
[WhiteElo "1869"]
[BlackElo "1974"]
[Opening "Réti: King's Indian attack"]
[ECO "A05"]
[Time "11:05:05"]
[TimeControl "2700+45"]

1. Nf3 Nf6 2. g3 g6 3. Bg2 Bg7 4. O-O O-O 5. d3 d5 6. Nbd2 c5 7. e4 Nc6 8. Re1
e6 9. c3 Re8 10. e5 Nd7 11. d4 b5 12. Nf1 Rb8 13. Bg5 Qb6 14. Qd2 Na5 15. b3 Nc6
16. b4 cxd4 17. cxd4 a5 18. a3 Bb7 19. Rec1 axb4 20. axb4 Ra8 21. Qb2 Ra4 22.
Bd2 Bf8 23. Ne3 Nxb4 24. Bf1 Rea8 25. Rab1 Ra2 26. Qc3 Rc8 27. Qb3 Rxc1 28. Rxc1
Ra4 29. Rb1 Ba6 30. Nc2 Nxc2 31. Qxc2 Qa7 {Game drawn by mutual agreement}
1/2-1/2

[Event "Team 45 45 League T53"]
[Site "Internet Chess Club"]
[Date "2012.05.17"]
[Round "1"]
[White "goktrenks"]
[Black "expectnomercy"]
[Result "1/2-1/2"]
[WhiteElo "1856"]
[BlackElo "1784"]
[Opening "English: symmetrical variation"]
[ECO "A30"]
[Time "15:00:17"]
[TimeControl "2700+45"]

1. c4 c5 2. g3 Nc6 3. Bg2 g6 4. Nf3 Bg7 5. O-O e6 6. Nc3 Nge7 7. d3 O-O 8. Bg5
b6 9. Qd2 Bb7 10. Bh6 d5 11. Bxg7 Kxg7 12. cxd5 Nxd5 13. Nxd5 Qxd5 14. Qc3+ Kg8
15. Ne5 Qxe5 16. Qxe5 Nxe5 17. Bxb7 Rab8 18. Bg2 Ng4 19. a3 Rbc8 20. Rfc1 a5 21.
Rc4 Nf6 22. Rac1 Rcd8 23. b4 axb4 24. axb4 Nd7 25. bxc5 Nxc5 26. Rb1 Rb8 27.
Rcb4 Nd7 28. Bc6 Ne5 29. Be4 Nd7 30. Rb5 Rfc8 31. d4 Rc4 32. e3 Kf8 33. Bd3 Rc3
34. R5b3 Rxb3 35. Rxb3 Ke7 36. Kf1 Kd6 37. Ke2 Nf6 38. Kd2 Ng4 39. f3 Nf6 40. e4
Ne8 41. Ra3 Rb7 42. e5+ Ke7 43. Be4 Rd7 44. Kd3 f6 45. Bc6 Rc7 46. Bxe8 Kxe8 47.
Rb3 Rc6 48. Ra3 Rc7 49. Ra6 Rb7 50. exf6 Kf7 51. Ke4 Kxf6 52. d5 exd5+ 53. Kxd5
Rd7+ 54. Kc4 Rd2 55. Rxb6+ Kg7 56. h4 Rg2 57. g4 Rh2 58. Rb7+ Kg8 59. Kd4 Rxh4
60. Ke5 Rh3 61. f4 Rc3 62. Kf6 Rc6+ 63. Kg5 Rc4 64. Rb8+ Kg7 65. f5 h6+ 66. Kh4
gxf5 67. Rb7+ {Game drawn by mutual agreement} 1/2-1/2

[Event "Team 45 45 League T53"]
[Site "Internet Chess Club"]
[Date "2012.05.28"]
[Round "1"]
[White "pkktet"]
[Black "rahulr"]
[Result "1-0"]
[WhiteElo "1828"]
[BlackElo "1581"]
[Opening "Alekhine's defense: two pawns' (Lasker's) attack"]
[ECO "B02"]
[Time "13:00:59"]
[TimeControl "2700+45"]

1. e4 Nf6 2. e5 Nd5 3. c4 Nb6 4. c5 Nd5 5. Nc3 e6 6. Nxd5 exd5 7. d4 d6 8. cxd6
cxd6 9. Nf3 Nc6 10. Bd3 Bg4 11. O-O dxe5 12. dxe5 Be7 13. Re1 O-O 14. a3 Rc8 15.
b4 Re8 16. Bb2 d4 17. Bb5 Bxf3 18. Qxf3 Qb6 19. Ba4 Qc7 20. Bxc6 Qxc6 21. Qxc6
Rxc6 22. Bxd4 b6 23. Rac1 Rec8 24. Be3 a5 25. b5 Rxc1 26. Rxc1 Rxc1+ 27. Bxc1 g5
28. a4 h6 29. Be3 Bd8 30. h3 Kf8 31. Kf1 Ke7 32. Ke2 Ke6 33. Bd4 Kd5 34. Kd3 Bc7
35. g4 Bd8 36. f3 Bc7 37. Bf2 Bd8 38. Bd4 Bc7 39. Bg1 Bd8 40. Bd4 Bc7 41. e6
fxe6 42. Bg7 Kc5 43. Bxh6 Bd8 44. Bf8+ Kd5 45. Ba3 e5 46. Bc1 Be7 47. Be3 Bd8
48. Kc3 Kd6 49. Kc4 Ke6 50. Bf2 Bc7 51. h4 gxh4 52. Bxh4 Bd6 53. Kd3 Kf7 54. Ke4
Ke6 55. g5 Be7 56. Bg3 Bxg5 57. Bxe5 Bd8 58. f4 Be7 59. f5+ Kd7 60. Kd5 Bc5 61.
Bd4 Bxd4 62. Kxd4 Kd6 63. f6 Ke6 64. f7 Kxf7 65. Kd5 Ke7 66. Kc6 {Black resigns}
1-0

[Event "Team 45 45 League T53"]
[Site "Internet Chess Club"]
[Date "2012.05.17"]
[Round "1"]
[White "Eyechess"]
[Black "PandorasBox"]
[Result "1-0"]
[WhiteElo "2068"]
[BlackElo "1935"]
[Opening "French: advance, Paulsen attack"]
[ECO "C02"]
[Time "18:02:31"]
[TimeControl "2700+45"]

1. e4 e6 2. d4 d5 3. e5 c5 4. c3 Nc6 5. Nf3 Nge7 6. Na3 cxd4 7. cxd4 Nf5 8. Nc2
Be7 9. Bd3 Qb6 10. g4 Nh4 11. Nxh4 Bxh4 12. O-O Bd7 13. g5 h6 14. Qh5 Bxf2+ 15.
Rxf2 O-O-O 16. a3 hxg5 17. Qxf7 Rh3 18. Bf1 Rhh8 19. Bxg5 Rdf8 20. Qxf8+ Rxf8
21. Rxf8+ Kc7 22. b4 a6 23. a4 Bc8 24. b5 Kb8 25. a5 Qc7 26. bxc6 Qxc6 27. Rc1
Qc3 28. Ne1 Qxd4+ 29. Kh1 Ka7 30. Rcxc8 Qe4+ 31. Ng2 {Black resigns} 1-0

[Event "Team 45 45 League T53"]
[Site "Internet Chess Club"]
[Date "2012.05.17"]
[Round "1"]
[White "fishhead"]
[Black "basmaniac"]
[Result "1-0"]
[WhiteElo "1779"]
[BlackElo "1785"]
[Opening "Sicilian defense"]
[ECO "B40"]
[Time "16:00:08"]
[TimeControl "2700+45"]

1. e4 c5 2. Nf3 e6 3. g3 Nc6 4. Bg2 d6 5. d3 Nf6 6. O-O Be7 7. h3 d5 8. e5 Nd7
9. Re1 Qc7 10. Qe2 Rb8 11. c3 b5 12. Bf4 h6 13. h4 Bb7 14. Nbd2 Nb6 15. Nb3 a5
16. d4 c4 17. Nc5 Bxc5 18. dxc5 Nd7 19. Nd4 Nxd4 20. cxd4 Bc6 21. Qg4 Kf8 22.
Bh3 h5 23. Qf3 Kg8 24. Kh2 b4 25. Rg1 Nf8 26. g4 hxg4 27. Rxg4 Ng6 28. Rxg6 fxg6
29. Bxe6+ Kh7 30. h5 Qe7 31. Qg4 Be8 32. hxg6+ Bxg6 33. Rg1 {Black resigns} 1-0

[Event "Team 45 45 League T53"]
[Site "Internet Chess Club"]
[Date "2012.05.17"]
[Round "1"]
[White "Portola"]
[Black "creditordebit"]
[Result "0-1"]
[WhiteElo "1791"]
[BlackElo "1779"]
[Opening "King's Indian: London system"]
[ECO "A48"]
[Time "20:00:31"]
[TimeControl "2700+45"]

1. d4 Nf6 2. Nf3 g6 3. Bf4 Bg7 4. h3 O-O 5. e3 d6 6. Nbd2 c5 7. c3 cxd4 8. exd4
Nc6 9. Be2 Qc7 10. O-O e5 11. dxe5 dxe5 12. Bh2 Be6 13. Qa4 Rfd8 14. Rfd1 a6 15.
Qh4 h6 16. Ne4 Rxd1+ 17. Bxd1 Qb6 18. b4 Nxe4 19. Qxe4 f5 20. Qe2 e4 21. Rc1 Bf7
22. Nd2 Qd8 23. Bb3 Qd3 24. Qe3 Rd8 25. Bxf7+ Kxf7 26. Nf1 Qxe3 27. Nxe3 Rd3 28.
Nd1 b5 29. Bc7 Ne5 30. Kf1 Nc4 31. Ke1 g5 32. g3 Be5 33. Bxe5 Nxe5 34. Ne3 f4
35. Nf5 Ke6 36. Nd4+ Rxd4 37. cxd4 Nd3+ 38. Kd2 Nxc1 39. Kxc1 Kd5 40. Kc2 Kxd4
41. h4 e3 42. hxg5 hxg5 {White resigns} 0-1

[Event "Team 45 45 League T53"]
[Site "Internet Chess Club"]
[Date "2012.05.18"]
[Round "1"]
[White "KyleMayhugh"]
[Black "Signalman"]
[Result "1-0"]
[WhiteElo "1521"]
[BlackElo "1534"]
[Opening "Pirc defense"]
[ECO "B07"]
[Time "09:03:44"]
[TimeControl "2700+45"]

1. e4 d6 2. d4 Nf6 3. Bd3 e5 4. c3 d5 5. dxe5 Nxe4 6. Nf3 Nc6 7. Nbd2 Nc5 8. Bc2
Bg4 9. h3 Bxf3 10. Nxf3 Ne4 11. O-O Bc5 12. Bf4 g5 13. Bxe4 dxe4 14. Nxg5 Qe7
15. Nxe4 Bb6 16. Nf6+ Kf8 17. Bh6# {Black checkmated} 1-0

[Event "Team 45 45 League T53"]
[Site "Internet Chess Club"]
[Date "2012.05.20"]
[Round "1"]
[White "lasker25"]
[Black "Killian"]
[Result "0-1"]
[WhiteElo "1937"]
[BlackElo "2045"]
[Opening "Sicilian: Nimzovich-Rossolimo attack (with ...g6, without ...d6)"]
[ECO "B31"]
[Time "15:00:28"]
[TimeControl "2700+45"]

1. e4 c5 2. Nf3 Nc6 3. Bb5 g6 4. Bxc6 dxc6 5. d3 Bg7 6. h3 e5 7. b4 cxb4 8. a3
bxa3 9. Bxa3 Ne7 10. O-O O-O 11. Nbd2 b6 12. Nc4 f6 13. Nfd2 c5 14. f4 exf4 15.
Rxf4 f5 16. Bb2 Bxb2 17. Nxb2 Qd4+ 18. Kh1 Qxb2 19. Nc4 Qf6 20. h4 Bb7 21. Rb1
Rad8 22. Qe2 Qd4 23. Rbf1 fxe4 24. dxe4 Rxf4 25. Rxf4 Qd1+ 26. Qxd1 Rxd1+ 27.
Kh2 Rd4 {White resigns} 0-1

[Event "Team 45 45 League T53"]
[Site "Internet Chess Club"]
[Date "2012.05.20"]
[Round "1"]
[White "prideofandhra"]
[Black "CheeryCherry"]
[Result "0-1"]
[WhiteElo "1421"]
[BlackElo "1523"]
[Opening "Nimzo-Indian: classical, Noa variation"]
[ECO "E34"]
[Time "09:06:59"]
[TimeControl "2700+45"]

1. d4 Nf6 2. c4 e6 3. Nc3 Bb4 4. Qc2 d5 5. e3 Bxc3+ 6. bxc3 b6 7. Ba3 Bb7 8.
cxd5 Bxd5 9. c4 Be4 10. Qb2 Nbd7 11. f3 Bg6 12. Rd1 Rc8 13. Bd3 Bxd3 14. Rxd3 c5
15. Ne2 O-O 16. O-O Ne5 17. dxe5 Qxd3 18. exf6 Qxe3+ 19. Kh1 Rfd8 20. Ng3 Rd3
21. fxg7 Rxa3 22. Nh5 Qc3 23. Qf2 Qxc4 24. Rd1 Rxa2 25. Qg3 Qd4 26. Re1 Ra1 27.
h3 Rxe1+ 28. Qxe1 c4 {White resigns} 0-1

[Event "Team 45 45 League T53"]
[Site "Internet Chess Club"]
[Date "2012.05.20"]
[Round "1"]
[White "Muravey"]
[Black "mellizas2003"]
[Result "1-0"]
[WhiteElo "2070"]
[BlackElo "1630"]
[Opening "French: Winawer, classical variation"]
[ECO "C18"]
[Time "13:00:27"]
[TimeControl "2700+45"]

1. e4 e6 2. d4 d5 3. Nc3 Bb4 4. e5 c5 5. a3 Bxc3+ 6. bxc3 Qc7 7. Nf3 Ne7 8. a4
Bd7 9. Be2 O-O 10. O-O Nbc6 11. Ba3 c4 12. Qd2 Rfe8 13. Bd6 Qd8 14. Rfb1 b6 15.
Qg5 Nc8 16. Qxd8 Nxd8 17. Bb4 Nc6 18. Ba3 N8e7 19. g3 Na5 20. h3 Ng6 21. Bb4 Nc6
22. Bd6 Nge7 23. Nh4 Ng6 24. Ng2 Nge7 25. Ne3 Nc8 26. Ba3 Na5 27. f4 Bxa4 28.
Bb4 Bc6 29. Bf3 Nb7 30. Nxc4 a5 31. Ne3 Na7 32. Ba3 Nb5 33. Kf2 Nd8 34. c4 Nxd4
35. cxd5 exd5 36. Bg2 b5 37. c3 N4e6 38. Nxd5 Ra7 39. Bd6 a4 40. f5 {Black
resigns} 1-0

[Event "Team 45 45 League T53"]
[Site "Internet Chess Club"]
[Date "2012.05.18"]
[Round "1"]
[White "nanning"]
[Black "rayonline53"]
[Result "0-1"]
[WhiteElo "1592"]
[BlackElo "1565"]
[Opening "Réti: King's Indian attack"]
[ECO "A05"]
[Time "14:00:09"]
[TimeControl "2700+45"]

1. Nf3 Nf6 2. g3 g6 3. Bg2 Bg7 4. d4 c5 5. d5 d6 6. O-O O-O 7. Nbd2 Nbd7 8. e4
Qc7 9. c4 a6 10. Rb1 b5 11. Re1 Ng4 12. h3 Nge5 13. Nxe5 Nxe5 14. Qe2 Bd7 15. f4
Nxc4 16. Nxc4 bxc4 17. Qxc4 Bb5 18. Qc2 Qa5 19. b4 cxb4 20. Bd2 Bd4+ 21. Kh2
Rac8 22. Qd1 Bc3 23. e5 Qxa2 24. Bxc3 bxc3 25. Ra1 Qd2 26. Qf3 c2 27. Rac1 Rc3
28. Qg4 Re3 29. Rg1 Re2 30. h4 Rxg2+ {White resigns} 0-1